Map: Automaton LE

Players

ZaZen

  • Race: Protoss Protoss
  • League: Silver
  • Spawn Location: 9:00

RonPthatsme - Winner!

  • Race: Terran Terran
  • League: Silver
  • Spawn Location: 3:00

VOD

Have the link to the VOD?

Description

Time

  • Played on: May 18, 2019, 6:37 p.m.
  • Length: 3:07
Show
View Real Time Build Order
Export as new Build Order

ZaZen Protoss 

Build Orders:  

Get SALT Encoding   

  12  0:01  Probe  
  13  0:19  Probe  
  14  0:22  Pylon  
  14  0:31  Probe  
  15  0:44  Probe  
  15  0:45  Pylon  
  16  0:52  Probe  
  17  1:05  Gateway  
  17  1:09  Assimilator  
  17  1:30  Nexus  
  17  1:53  Cybernetics Core  
  17  1:56  Zealot  
  19  2:15  Probe  
  20  2:18  Zealot, Assimilator  
  20  2:27  Probe  
  23  2:36  Stargate  
  23  2:38  Probe  
  23  2:41  Probe  
  25  2:46  Probe  
  25  2:53  Probe  
Show
View Real Time Build Order
Export as new Build Order

RonPthatsme Terran - Winner!

Build Orders:  

Get SALT Encoding   

  12  0:02  SCV  
  13  0:14  SCV  
  14  0:26  SCV  
  15  0:34  Supply Depot  
  15  0:56  SCV  
  16  1:08  SCV  
  16  1:09  Barracks  
  17  1:17  Barracks  
  17  1:20  SCV  
  18  1:32  SCV  
  19  1:35  Supply Depot  
  19  1:44  SCV  
  20  1:57  SCV  
  20  1:59  Barracks  
  21  2:02  Supply Depot  
  21  2:13  Barracks  
  21  2:14  SCV  
  22  2:18  Marine x2  
  24  2:26  SCV  
  25  2:30  Refinery  
  25  2:38  SCV  
  26  2:50  SCV  
  27  2:54  Refinery  
  27  3:01  Engineering Bay  
Tags
 
Add a new tag
Caveats
  • Supply blocks, unpowered buildings, or Contaminate may cause inaccurate times.
  • Supply counts are checked every 10 seconds.